 Dungeon Crawl Stone Soup version 0.31-a0-532-g28f74ba3e5 (webtiles) character file.

Game seed: 15326406836206595078

49 bobarctor the Trooper (level 3, -1/29 HPs)
             Began as a Demonspawn Monk on Aug 13, 2023.
             Slain by a gnoll
             ... wielding a +0 club
              (4 damage)
             ... on level 2 of the Dungeon.
             The game lasted 00:06:56 (1276 turns).

bobarctor the Trooper (Demonspawn Monk)             Turns: 1276, Time: 00:06:56

Health: -1/29      AC:  4    Str: 11    XL:     3   Next: 53%
Magic:  1/4        EV: 13    Int: 13    God:
Gold:   162        SH:  0    Dex: 15    Spells: 0/4 levels left

rFire   . .          .
                       - Unarmed
rCold   . . .        c - orb {light}
rNeg    . . .        a - +0 robe
rPois   .            (no helmet)
rElec   .            (no cloak)
rCorr   .            (no gloves)
SInv    +            (no boots)
Will    .....        (no amulet)
Stlth   +            o - ring of see invisible
HPRegen 0.24/turn    (no ring)
MPRegen 0.09/turn

%: no passive effects
@: glowing
A: icy blue scales 1
a: no special abilities


You were on level 2 of the Dungeon.
You visited 1 branch of the dungeon, and saw 2 of its levels.

You collected 162 gold pieces.

Inventory:

Hand Weapons
 d - a +0 sling
Missiles
 e - 29 stones (quivered)
 j - 2 boomerangs
 m - 5 poisoned darts
Armour
 a - a +0 robe (worn)
 c - an orb of light (worn)
Jewellery
 o - a ring of see invisible (left hand)
Wands
 n - a wand of quicksilver (6)
Scrolls
 f - a scroll of fog {unknown}
 h - a scroll of revelation {unknown}
 i - a scroll of identify {unknown}
 k - a scroll of amnesia {unknown}
Potions
 b - a potion of ambrosia
 g - a potion of attraction {unknown}
 l - a potion of brilliance {unknown}
 p - a potion of berserk rage {unknown}
 q - a potion of might {unknown}


   Skills:
 + Level 3.3 Fighting
 + Level 3.0 Dodging
 + Level 3.2 Unarmed Combat
 * Level 1.1 Spellcasting
 * Level 0.1 Hexes
 * Level 0.1 Necromancy


You couldn't memorise any spells.
You knew the following spells:

 Your Spells              Type           Power      Damage    Failure   Level
a - Vampiric Draining     Necr           1%         2d6       61%         3
b - Slow                  Hex            4%         N/A       26%         1

Your spell library contained the following spells:

 Spells                   Type           Power      Damage    Failure   Level
 Confusing Touch          Hex            1%         N/A       61%         3


Dungeon Overview and Level Annotations

Branches:
Dungeon (2/15)

Altars:


Innate Abilities, Weirdness & Mutations

You are partially covered in icy blue scales. (AC +2)


Message History

* * * LOW HITPOINT WARNING * * *
Cast which spell? (? or * to list)
Aiming: Vampiric Draining (extremely dangerous; 63% risk of failure)
Press: ? - help, Shift-Dir - straight line, f - gnoll
Aim: a gnoll, wielding a +0 club (moderately wounded, haloed)
You draw life force from the gnoll!
You feel life coursing into your body. The gnoll closely misses you.
You see here a +0 dagger.
The gnoll attacks as you move away! The gnoll hits you with a +0 club.
* * * LOW HITPOINT WARNING * * *
The gnoll attacks as you move away! The gnoll hits you with a +0 club.
* * * LOW HITPOINT WARNING * * *
The gnoll attacks as you move away! The gnoll closely misses you.
The gnoll attacks as you move away! The gnoll hits you but does no damage.
The gnoll attacks as you move away! The gnoll barely misses you.
The gnoll attacks as you move away! The gnoll closely misses you.
The gnoll attacks as you move away! The gnoll barely misses you.
The gnoll attacks as you move away! The gnoll hits you with a +0 club.
* * * LOW HITPOINT WARNING * * *
The gnoll attacks as you move away! The gnoll barely misses you.
Things that are here:
a +0 club; a kobold skeleton The gnoll attacks as you move away!
The gnoll hits you with a +0 club.
* * * LOW HITPOINT WARNING * * *
The gnoll attacks as you move away! The gnoll misses you.
The gnoll attacks as you move away! The gnoll hits you with a +0 club.
* * * LOW HITPOINT WARNING * * *
The gnoll attacks as you move away! The gnoll hits you but does no damage.
Casting: Vampiric Draining (extremely dangerous; 63% risk of failure)
Confirm with . or Enter, or press ? or * to list all spells.
Aiming: Vampiric Draining (extremely dangerous; 63% risk of failure)
Press: ? - help, Shift-Dir - straight line, f/p - gnoll
Aim: a gnoll, wielding a +0 club (almost dead, haloed)
You draw life force from the gnoll!
You kill the gnoll!
You feel life coursing into your body. The gnoll attacks as you move away!
The gnoll hits you with a +0 club.
* * * LOW HITPOINT WARNING * * *
The gnoll attacks as you move away! The gnoll hits you with a +0 club.
You die...

..........# #######...#
#.....#...# ##.8.##...#
#)....#...# ##########
###.###...# #........#
.)........# #.######.#
###g......#######...# #.#
###..#....##.g.g@.#.# #.#
.#...#....##.####...# #.#
.#.......###.######## #.#
.#.......g)g........# #.#
.#..##.#####.#...#### #.#
...........#........## #.#
......####.#####.....###.#
##....# #.# ####..#<..#
#.....# #.# #..#####


You could see 2 gnolls.

Vanquished Creatures
  A gnoll (D:2)
  2 worms (D:2)
  A dart slug (D:2)
  2 ball pythons (D:1)
  2 endoplasms (D:2)
  2 giant cockroaches (D:2)
  3 hobgoblins
  2 jackals (D:2)
  A quokka (D:2)
  2 bats (D:1)
  A frilled lizard (D:2)
  A goblin (D:1)
  7 kobolds
  2 rats (D:2)
29 creatures vanquished.

Notes
Turn   | Place    | Note
-------+----------+-------------------------------------------
     0 | D:1      | bobarctor the Demonspawn Monk began the quest for the Orb.
     0 | D:1      | Reached XP level 1. HP: 18/18 MP: 1/1
    18 | D:1      | Found a faded altar of an unknown god.
   398 | D:1      | Gained mutation: You are partially covered in icy blue
                  | scales. (AC +2) [demonic ancestry]
   398 | D:1      | Reached XP level 2. HP: 24/24 MP: 2/2
   863 | D:2      | Reached skill level 1 in Spellcasting
   895 | D:2      | Reached XP level 3. HP: 24/29 MP: 4/4
  1026 | D:2      | Learned a level 3 spell: Vampiric Draining
  1028 | D:2      | Learned a level 1 spell: Slow
  1264 | D:2      | HP: 1/29 [gnoll/+0 club (3)]
  1276 | D:2      | Slain by a gnoll

Illustrated notes

Levels and vault maps discovered:
D:1:      nzn_arrival_water_spiral, layout_basic,
          hellmonk_ecumenical_altar_heavens_door, minmay_hedge_maze
D:2:      layout_basic, minmay_split_cup_large

Skill      XL: |  1  2 |
---------------+-------+-----
Unarmed Combat | 3 |  3.2
Dodging        | 3 |  3.0
Spellcasting   | 1 |  1.1
Fighting       | |  3.3
Hexes          | |  0.1
Necromancy     | |  0.1

Action                     || total
---------------------------++-------
  Melee: Unarmed           ||   107
  Throw: Stone             ||    14
   Cast: Vampiric Draining ||     2
 Armour: Robe              ||    26
  Dodge: Dodged            ||    69

Table legend: (Time is in decaauts)
 A = Elapsed time spent in this place.
 B = Non-inter-level travel time spent in this place.
 C = Inter-level travel time spent in this place.
 D = Time resting spent in this place.
 E = Time spent auto-exploring this place.
 F = Levels seen in this place.
 G = Mean time per level.
                   A        B        C        D        E       F      G
               +--------+--------+--------+--------+--------+-----+--------+
         Total |   1274 |   1247 |     27 |     36 |    864 |   2 |  637.0 |
       Dungeon |   1274 |   1247 |     27 |     36 |    864 |   2 |  637.0 |
               +--------+--------+--------+--------+--------+-----+--------+

Top non-repeatable levels by time:
     D:2: 678 daAuts
     D:1: 596 daAuts
